 Dungeon Crawl Stone Soup version 0.24.0-123-gd5b16e6ec5 (webtiles) character file.

Game seed: 15617150457391496339, levelgen mode: deterministic

152 Mesmaeker13 the Digger (level 5, -4/38 HPs)
             Began as a Draconian Earth Elementalist on Jan 30, 2020.
             Engulfed by Ijyb's freezing vapour (13 damage)
             ... on level 3 of the Dungeon.
             The game lasted 00:04:40 (2965 turns).

Mesmaeker13 the Digger (DrEE)                       Turns: 2965, Time: 00:04:40

Health: -4/38      AC:  5    Str: 10    XL:     5   Next: 11%
Magic:  4/9        EV: 12    Int: 17    God:
Gold:   83         SH:  5    Dex: 11    Spells: 6/10 levels left

rFire    . . .     SeeInvis .   i - +0 spear
rCold    . . .     Gourm    .   g - +1 buckler
rNeg     . . .     Faith    .   (armour unavailable)
rPois    .         Spirit   .   (helmet restricted)
rElec    .         Reflect  .   (no cloak)
rCorr    .         Harm     .   (no gloves)
MR       .....                  (no boots)
Stlth    ++........             (no amulet)
HPRegen  0.12/turn              (no ring)
MPRegen  0.11/turn              (no ring)

@: no status effects
A: unfitting armour, cold-blooded, AC +5
a: no special abilities


You were on level 3 of the Dungeon.
You were not hungry.

You visited 1 branch of the dungeon, and saw 3 of its levels.

You collected 83 gold pieces.

Inventory:

Hand Weapons
 i - a +0 spear (weapon)
 q - a +1 dagger of holy wrath
Missiles
 b - 61 stones
 e - 14 poisoned darts (quivered)
Armour
 g - a +1 buckler (worn)
Jewellery
 j - an uncursed ring of protection from fire {unknown}
Scrolls
 a - a scroll of blinking {unknown}
 f - a scroll of magic mapping
 h - a scroll of random uselessness {unknown}
 k - a scroll of enchant armour
 n - a scroll of identify {unknown}
Potions
 d - 2 potions of curing {unknown}
 l - 2 potions of might {unknown}
 m - a potion of heal wounds {unknown}
 o - 2 potions of ambrosia {unknown}
Comestibles
 c - 6 rations
 p - 5 chunks of flesh


   Skills:
 - Level 2.2 Dodging
 - Level 1.7 Stealth
 + Level 2.1 Shields
 - Level 3.1 Spellcasting
 + Level 0.3 Conjurations
   Level 1.0 Transmutations
 + Level 4.1 Earth Magic


You had 6 spell levels left.
You knew the following spells:

 Your Spells              Type           Power        Failure   Level  Hunger
a - Sandblast             Erth           ###...       4%          1    None
b - Stone Arrow           Conj/Erth      ##....       26%         3    ###....

Your spell library contained the following spells:

 Spells                   Type           Power        Failure   Level  Hunger
 Passwall                 Tmut/Erth      ##......     12%         2    ##.....
 Swiftness                Chrm/Air       #.......     32%         2    ##.....
 Petrify                  Tmut/Erth      ##......     58%         4    ####...
 Lee's Rapid Deconstruct  Erth           ###.......   73%         5    ######.
 Passage of Golubria      Tloc           N/A          91%         4    ####...
 Darkness                 Hex            #.........   100%        6    #######
 Invisibility             Hex            #.......     100%        6    #######


Dungeon Overview and Level Annotations

Branches:
Dungeon (3/15)

Altars:

Annotations:
D:3 Ijyb


Innate Abilities, Weirdness & Mutations

Your plain brown scales are hard. (AC +5)
You cannot fit into any form of body armour.
You are cold-blooded and may be slowed by cold attacks.


Message History

Confirm with . or Enter, or press ? or * to list all spells.
Aiming: Sandblast (safe; 4% risk of failure)
Press: ? - help, Shift-Dir - straight line, f/p - Ijyb
Aim: Ijyb, wielding a +0 dagger, wearing a +0 leather armour of magic resistance and carrying a wand of clouds (2) (lightly wounded)
The blast of sand hits Ijyb but does no damage.
Ijyb is lightly wounded.
b - 62 stones You are engulfed in freezing vapours.
* * * LOW HITPOINT WARNING * * *
Ijyb barely misses you.
Casting: Sandblast (safe; 4% risk of failure)
Confirm with . or Enter, or press ? or * to list all spells.
Aiming: Sandblast (safe; 4% risk of failure)
Press: ? - help, Shift-Dir - straight line, f/p - Ijyb
Aim: Ijyb, wielding a +0 dagger, wearing a +0 leather armour of magic resistance and carrying a wand of clouds (2) (lightly wounded)
The blast of sand hits Ijyb but does no damage.
Ijyb is lightly wounded.
b - 61 stones You are engulfed in freezing vapours.
You die...

#####..# #. #.# #..#
#.# #..# # #.# #..# .#
#.# #.)# (# #.# #..#
#.# #.# #####..####
..##### #.#
#.........÷####g......
#.#
#.####...>...§@§.....#
#.# ##....§§##.####.#
#.# ###..#.# .#
####.## #..#.# .#
#...).. #..#.# ..
#.##### #..#.# ## #.#
# #..#.# #.# # ...#.#
#.# # #.# .# #.#####


You could see Ijyb.

Vanquished Creatures
  Terence (D:2)
  Robin (D:2)
  5 adders (D:2)
  An ooze (D:3)
  4 worms
  3 dart slugs
  4 bats
  10 goblins
  6 hobgoblins
  3 jackals (D:1)
  3 frilled lizards
  5 kobolds
  8 rats
54 creatures vanquished.

Notes
Turn   | Place    | Note
-------+----------+-------------------------------------------
     0 | D:1      | Mesmaeker13 the Draconian Earth Elementalist began the
                  | quest for the Orb.
     0 | D:1      | Reached XP level 1. HP: 14/14 MP: 3/3
   139 | D:1      | Reached XP level 2. HP: 16/20 MP: 5/5
   941 | D:2      | Reached XP level 3. HP: 25/26 MP: 6/6
  1156 | D:2      | Noticed Robin
  1328 | D:2      | Reached skill level 1 in Shields
  1614 | D:2      | Reached XP level 4. HP: 30/33 MP: 8/8
  1885 | D:2      | Killed Robin
  2054 | D:2      | Noticed Terence
  2072 | D:2      | Killed Terence
  2072 | D:2      | Reached skill level 4 in Earth Magic
  2466 | D:2      | Learned a level 3 spell: Stone Arrow
  2501 | D:3      | Reached XP level 5. HP: 13/38 MP: 7/9
  2958 | D:3      | Noticed Ijyb
  2965 | D:3      | Engulfed by Ijyb's freezing vapour

Levels and vault maps discovered:
D:1:      grunt_arrival_lava_bath, layout_loops_ring
D:2:      layout_basic, uniq_terence, uniq_robin
D:3:      layout_loops_ring, gammafunk_temple_overflow_statue, first_ration,
          uniq_grinder, uniq_ijyb, uniq_sigmund

Skill      XL: |  1  2  3  4 |
---------------+-------------+-----
Dodging        | 2 |  2.2
Shields        | 1 2 |  2.1
Spellcasting   | 3 |  3.1
Earth Magic    | 4 |  4.1
Stealth        | |  1.7
Conjurations   | |  0.3
Transmutations | |  1.0

Action                   |  1- 3 |  4- 6 || total
-------------------------+-------+-------++-------
Melee: Unarmed           |    36 |       ||    36
       Tailslap          |    11 |     5 ||    16
       Dagger            |    26 |       ||    26
       Spear             |    57 |    67 ||   124
Throw: Stone             |     2 |       ||     2
       Dart              |     6 |    18 ||    24
 Cast: Sandblast         |    17 |    17 ||    34
  Use: Scroll            |     2 |       ||     2
 Stab: Sleeping          |     3 |     3 ||     6
  Eat: Chunk             |     3 |     4 ||     7
Armor: Skin              |    31 |    13 ||    44
Dodge: Dodged            |    69 |    36 ||   105
Block: Buckler           |     9 |    10 ||    19
